 Dungeon Crawl Stone Soup version 0.32-a0-791-gfc315c9ecd (webtiles) character file.

Game seed: 14304813904487641573

1172 jasper the Basher (level 8, -5/62 (72) HPs)
             Began as a Troll Gladiator on Mar 20, 2024.
             Was an Initiate of Okawaru.
             Slain by Joseph
             ... wielding a +1 quarterstaff of draining
              (21 damage)
             ... on level 7 of the Dungeon.
             The game lasted 00:06:22 (4535 turns).

jasper the Basher (Troll Gladiator)                 Turns: 4535, Time: 00:06:23

HP:   -5/62 (72)    AC:  6    Str: 23    XL:     8   Next: 18%
MP:   7/7           EV: 14    Int:  6    God:    Okawaru [......]
Gold: 275           SH:  0    Dex: 11    Spells: 7/7 levels left

rFire   . . .        d - +0 giant club
rCold   . . .        (shield currently unavailable)
rNeg    . . .        b - +0 robe
rPois   .            c - +1 hat
rElec   .            o - +0 cloak
rCorr   .            (gloves unavailable)
SInv    .            (boots unavailable)
Will    .....        (no amulet)
Stlth   +            j - +5 ring of evasion
HPRegen 1.10/turn    (no ring)
MPRegen 0.10/turn

%: no passive effects
@: heavily drained
A: large, unfitting armour, claws 3, regeneration 1, shaggy fur 1, tough skin 1
a: Renounce Religion


You were on level 7 of the Dungeon.
You worshipped Okawaru.
Okawaru was noncommittal.
You visited 2 branches of the dungeon, and saw 8 of its levels.

You collected 345 gold pieces.
You spent 70 gold pieces at shops.

Inventory:

Hand Weapons
 a - a +0 flail
 d - a +0 giant club (weapon)
Missiles
 e - a large rock
 l - 27 stones
 n - 13 poisoned darts
Armour
 b - a +0 robe (worn)
 c - a +1 hat (worn)
 o - a +0 cloak (worn)
Jewellery
 j - a +5 ring of evasion (left claw)
Scrolls
 g - a scroll of fear
 h - 4 scrolls of fog
 k - 2 scrolls of poison
 q - a scroll of teleportation
Potions
 f - 3 potions of mutation
 i - a potion of curing
 p - a potion of resistance


   Skills:
 - Level 2.0 Fighting
 + Level 9.3 Maces & Flails
 - Level 1.7 Throwing
 - Level 2.4 Dodging


You had 7 spell levels left.
You didn't know any spells.
Your spell library contained the following spells:

 Spells                   Type           Power      Damage    Failure   Level
 Apportation              Tloc           0%         N/A       45%         1
 Necrotise                Necr           0%         1d4       45%         1
 Sting                    Conj/Alch      0%         1d3       45%         1
 Sublimation of Blood     Necr           0%         N/A       58%         2
 Dazzling Flash           Conj/Hex       0%         N/A       83%         3
 Mephitic Cloud           Conj/Alch/Air  0%         N/A       83%         3
 Sigil of Binding         Hex            0%         N/A       83%         3
 Petrify                  Alch/Erth      0%         N/A       99%         4
 Alistair's Intoxication  Alch           0%         N/A       100%        5
 Borgnjor's Vile Clutch   Necr/Erth      0%         N/A       100%        5
 Curse of Agony           Necr           0%         N/A       100%        5
 Irradiate                Conj/Alch      0%         3d11      100%        5
 Silence                  Hex/Air        0%         N/A       100%        5
 Eringya's Noxious Bog    Alch           0%         4d6       100%        6
 Summon Small Mammal      Summ           Unusable   N/A       N/A         1
 Call Imp                 Summ           Unusable   N/A       N/A         2
 Death Channel            Necr           Unusable   N/A       N/A         6
 Sculpt Simulacrum        Ice/Alch       Unusable   N/A       N/A         6
 Summon Hydra             Summ           Unusable   N/A       N/A         7

Dungeon Overview and Level Annotations

Branches:
Dungeon (7/15)             Temple (1/1) D:6

Altars:
Ashenzari
Cheibriados
Dithmenos
Fedhas
Gozag
Hepliaklqana
Makhleb
Nemelex Xobeh
Okawaru
Qazlal
Ru
Sif Muna
Trog
Uskayaw
Wu Jian
Yredelemnul
The Shining One

Shops:
D:2 =   D:4 *

Annotations:
D:7 Joseph


Innate Abilities, Weirdness & Mutations

You are too large for most types of armour.
You have claws for hands.
Your natural rate of healing is unusually fast.
You are covered in fur. (AC +1)
You have tough skin. (AC +1)


Message History

There is an open door here.
You sock Joseph!
Joseph is lightly wounded.
Joseph closely misses you.
You closely miss Joseph.
Joseph is lightly wounded.
Joseph hits you but does no damage.
You feel drained.
You barely miss Joseph.
Joseph is lightly wounded.
Joseph says, "I'm here to kill trespassers.
I like my job."
Joseph barely misses you.
Health restored: 70
Okay, then.
You sock Joseph!
Joseph is heavily wounded.
Joseph hits you with a +1 quarterstaff of draining.
You feel drained.
You take 6 damage, and have 64/69 hp.
You barely miss Joseph.
Joseph is heavily wounded.
Joseph hits you with a +1 quarterstaff of draining!
You feel drained.
You take 10 damage, and have 54/67 hp.
You barely miss Joseph.
Joseph is heavily wounded.
Joseph hits you with a +1 quarterstaff of draining!
You feel drained.
Joseph hits you with a +1 quarterstaff of draining!
You feel drained.
You take 15 damage, and have 39/64 hp.
MASSIVE DAMAGE!!
You bludgeon Joseph!!
Joseph is almost dead.
Joseph hits you with a +1 quarterstaff of draining!!
You feel drained.
* * * LOW HITPOINT WARNING * * *
You take 24 damage, and have 15/62 hp.
MASSIVE DAMAGE!!
You barely miss Joseph.
Joseph is almost dead.
Joseph hits you with a +1 quarterstaff of draining!!
You die...

#....#........#..
#......#....#........#..
#......#....#........'..
#......#..).#........#..
#......#....#........#..
#.....=#'####.####...#..
#......#...##.####...###
#......#..............#.
#.....@@..............#.
#......#..............#.
#......#+##...##......#.
#(..... ######......##
#...... #......##
#...... #.........
#...... #.........
#...... +.........
##........


You could see Joseph.

Vanquished Creatures
  Menkaure (D:7)
  Duvessa (D:6)
  A black bear (D:4)
  An ogre (D:4)
  4 scorpions
  3 wights (D:6)
  Dowan (D:6)
  A howler monkey (D:6)
  2 gnoll boudas
  2 iguanas (D:6)
  A sleepcap (D:6)
  4 adders
  5 gnolls
  A white imp (D:6)
  3 dart slugs
  5 ribbon worms
  5 orcs
  3 endoplasms
  2 giant cockroaches
  9 goblins
  3 hobgoblins
  A quokka (D:1)
  6 ball pythons
  4 bats
  5 frilled lizards
  8 kobolds
  8 rats
90 creatures vanquished.

Notes
Turn   | Place    | Note
-------+----------+-------------------------------------------
     0 | D:1      | jasper the Troll Gladiator began the quest for the Orb.
     0 | D:1      | Reached XP level 1. HP: 19/19 MP: 0/0
    97 | D:1      | Reached skill level 3 in Maces & Flails
    97 | D:1      | Reached XP level 2. HP: 18/28 MP: 1/1
   932 | D:2      | Reached XP level 3. HP: 14/35 MP: 2/2
   965 | D:2      | Found Jeanupow's Jewellery Shop.
  1221 | D:2      | Reached skill level 4 in Maces & Flails
  1340 | D:2      | Reached XP level 4. HP: 42/42 MP: 3/3
  2095 | D:3      | Reached skill level 5 in Maces & Flails
  2095 | D:3      | Reached XP level 5. HP: 35/49 MP: 4/4
  2458 | D:4      | Found Abesuyri's General Store.
  2474 | D:4      | Bought a potion of lignification for 42 gold pieces
  2474 | D:4      | Bought a scroll of identify for 28 gold pieces
  2686 | D:4      | Noticed a black bear
  2702 | D:4      | Killed a black bear
  2703 | D:4      | Reached skill level 6 in Maces & Flails
  2703 | D:4      | Reached XP level 6. HP: 57/57 MP: 5/5
  3014 | D:4      | Reached skill level 7 in Maces & Flails
  3244 | D:4      | Found a bloodstained altar of Trog.
  3245 | D:4      | Found a sacrificial altar of Ru.
  3245 | D:4      | Found a burning altar of Makhleb.
  3246 | D:4      | Found a hazy altar of Hepliaklqana.
  3290 | D:4      | Became a worshipper of Ru the Awakened
  3421 | D:5      | Entered Level 5 of the Dungeon
  3437 | D:5      | Reached XP level 7. HP: 61/65 MP: 6/6
  3638 | D:6      | Reached skill level 8 in Maces & Flails
  3641 | D:6      | Noticed Dowan
  3641 | D:6      | Noticed Duvessa
  3681 | D:6      | Killed Duvessa
  3683 | D:6      | Killed Dowan
  4089 | D:6      | Found a staircase to the Ecumenical Temple.
  4255 | Temple   | Entered the Ecumenical Temple
  4270 | Temple   | Fell from the grace of Ru
  4270 | Temple   | Became a worshipper of Warmaster Okawaru
  4379 | D:7      | Noticed Menkaure
  4391 | D:7      | Killed Menkaure
  4392 | D:7      | Reached skill level 9 in Maces & Flails
  4392 | D:7      | Reached XP level 8. HP: 37/72 MP: 7/7
  4524 | D:7      | Noticed Joseph
  4535 | D:7      | Slain by Joseph

Illustrated notes

Levels and vault maps discovered:
D:1:      ncdulo_lavacross, layout_basic, minmay_split_cup_large
D:2:      layout_basic, serial_shops, shop
D:3:      layout_basic, moated_statue
D:4:      minmay_door_path, layout_rooms,
          chequers_temple_overflow_statue_of_worship, serial_curves,
          eino_curves_03, eino_curves_04, eino_curves_01, serial_shops, shop
D:5:      layout_basic, nicolae_vehumet_radiance, tgw_kikubaaqudgha
D:6:      cheibrodos_quashed, layout_basic, lemuel_temple_firewalk_b,
          st_stairs_9, uniq_duvessa
D:7:      layout_gridville, uniq_menkaure, uniq_joseph
Temple:   cyrus_circular_temple

Skill      XL: |  1  2  3  4  5  6  7 |
---------------+----------------------+-----
Fighting       | 2 |  2.0
Maces & Flails | 3 4 5 6 7 9 |  9.3
Throwing       | |  1.7
Dodging        | |  2.4

Action                     |  1- 3 |  4- 6 |  7- 9 || total
---------------------------+-------+-------+-------++-------
  Melee: Unarmed           |   140 |    36 |       ||   176
         Flail             |       |    70 |       ||    70
         Punch             |       |     1 |       ||     1
         Giant club        |       |    39 |    74 ||   113
  Throw: Throwing net      |       |     3 |     2 ||     5
         Dart              |       |       |     1 ||     1
    Use: Scroll            |       |     9 |     3 ||    12
         Potion            |       |     1 |     2 ||     3
   Stab: Sleeping          |       |     2 |       ||     2
         Held in net/web   |       |     1 |       ||     1
 Armour: Robe              |   105 |    70 |    44 ||   219
         Skin              |       |    20 |       ||    20
  Dodge: Dodged            |    64 |    87 |    59 ||   210

Table legend: (Time is in decaauts)
 A = Elapsed time spent in this place.
 B = Non-inter-level travel time spent in this place.
 C = Inter-level travel time spent in this place.
 D = Time resting spent in this place.
 E = Time spent auto-exploring this place.
 F = Levels seen in this place.
 G = Mean time per level.
                   A        B        C        D        E       F      G
               +--------+--------+--------+--------+--------+-----+--------+
         Total |   4565 |   4405 |    160 |    393 |   3025 |   8 |  570.6 |
       Dungeon |   4534 |   4402 |    132 |    393 |   3025 |   7 |  647.7 |
        Temple |     30 |      2 |     28 |      0 |      0 |   1 |   30.0 |
               +--------+--------+--------+--------+--------+-----+--------+

Top non-repeatable levels by time:
     D:4: 971 daAuts
     D:1: 884 daAuts
     D:6: 825 daAuts
     D:2: 810 daAuts
     D:3: 769 daAuts
     D:7: 210 daAuts
     D:5: 62 daAuts
  Temple: 30 daAuts
